 Dungeon Crawl Stone Soup version 0.26.1-11-gd32895ea62 (webtiles) character file.

Game seed: 2196742786516754472

186903 nothank2 the Peltast (level 17, -7/208 HPs)
             Began as a Demonspawn Fighter on June 23, 2021.
             Was the Champion of Makhleb.
             Mangled by a four-headed hydra (9 damage)
             ... on level 4 of the Swamp.
             The game lasted 01:58:11 (27370 turns).

nothank2 the Peltast (Demonspawn Fighter)          Turns: 27370, Time: 01:58:13

Health: -7/208     AC: 28    Str: 25    XL:     17   Next: 86%
Magic:  0/25       EV:  2    Int: 10    God:    Makhleb [******]
Gold:   2736       SH: 21    Dex: 14    Spells: 16/16 levels left

rFire    + + .     SeeInvis .   R - +11 morningstar of Tauffusivie {elec, +Inv rF+ rC+ Str-3}
rCold    + + .     Faith    .   c - +1 kite shield
rNeg     + + +     Spirit   +   (armour currently unavailable)
rPois    +         Reflect  +   (helmet currently unavailable)
rElec    +         Harm     .   (cloak currently unavailable)
rCorr    .         Rampage  .   (gloves currently unavailable)
Will     +....     NoTele   +   (boots currently unavailable)
Stlth    ..........             k - amulet of reflection
HPRegen  2.44/turn              X - ring of Runont {*Drain rElec rC+ Str+4}
MPRegen  0.19/turn              H - ring of Pysoaly {rF+ Str+2 Slay+5 Stlth-}

@: lethally poisoned (-7 -> -7), tree-form, hasted and slowed
A: rugged brown scales 1, powered by death 3, magic shield, flame cloud immunity
a: Renounce Religion, Evoke Invisibility, Minor Destruction, Lesser Servant of
Makhleb, Major Destruction, Greater Servant of Makhleb


You were on level 4 of the Swamp.
You worshipped Makhleb.
Makhleb was exalted by your worship.
You were a tree.
You visited 6 branches of the dungeon, and saw 30 of its levels.
You also visited: Gauntlet and Volcano.

You collected 3462 gold pieces.
You spent 726 gold pieces at shops.

Inventory:

Hand Weapons
 R - the +11 morningstar of Tauffusivie (weapon) {elec, +Inv rF+ rC+ Str-3}
   (You bought it in a shop on level 2 of the Orcish Mines)

   Occasionally, upon striking a foe, it can discharge electrical energy and
   cause terrible harm.
   It affects your strength (-3).
   It protects you from fire.
   It protects you from cold.
   It lets you turn invisible.
 Y - a +0 morningstar
Missiles
 e - 12 javelins (quivered)
Armour
 c - a +1 kite shield (worn)
 N - the +2 pair of boots of Ziygas (melded) {rElec}
   (You found it in a Gauntlet)

   It insulates you from electricity.
 T - +5 fire dragon scales (melded)
 U - the +2 hat of Iwaoniyl (melded) {rC+ Str+4 Int+4 Dex+4}
   (You found it in a Gauntlet)

   It affects your strength (+4).
   It affects your intelligence (+4).
   It affects your dexterity (+4).
   It protects you from cold.
 V - the +1 pair of gloves of Lugonu's Inspiration (melded) {Rampage rPois rF+}
   (You found it in a Gauntlet)

   It protects you from fire.
   It protects you from poison.
   It bestows one free step when moving towards enemies.
 W - a +1 cloak of preservation (melded)
Jewellery
 k - an amulet of reflection (around neck)
 l - an uncursed amulet of the acrobat {unknown}
 H - the ring of Pysoaly (right branch) {rF+ Str+2 Slay+5 Stlth-}
   (You found it in a Gauntlet)

   [ring of attention]

   It affects your strength (+2).
   It affects your accuracy and damage with ranged weapons and melee attacks
   (+5).
   It protects you from fire.
   It makes you less stealthy.
 S - an uncursed ring of see invisible
 X - the ring of Runont (left branch) {*Drain rElec rC+ Str+4}
   (You bought it in a shop on level 2 of the Elven Halls)

   [ring of protection from cold]

   It affects your strength (+4).
   It protects you from cold.
   It insulates you from electricity.
   It causes draining when unequipped.
Wands
 q - a wand of digging (9)
 r - a wand of iceblast (26)
 u - a wand of paralysis (17)
 G - a wand of disintegration (56)
 I - a wand of polymorph (16)
 K - a wand of acid (29)
 M - a wand of flame (80)
Scrolls
 a - a scroll of summoning
 f - a scroll of blinking {unknown}
 g - 18 scrolls of teleportation
 h - 3 scrolls of amnesia
 i - 7 scrolls of identify
 m - 18 scrolls of remove curse
 n - 3 scrolls of magic mapping
 o - 5 scrolls of enchant weapon
 v - 8 scrolls of fear
 x - 2 scrolls of brand weapon {unknown}
 A - 4 scrolls of fog
Potions
 d - 4 potions of might
 j - 14 potions of curing
 s - 4 potions of lignification
 t - 2 potions of flight
 C - 2 potions of haste
 D - 2 potions of berserk rage
 F - 9 potions of ambrosia
 J - 2 potions of invisibility
 O - 5 potions of cancellation
 Z - 2 potions of resistance


   Skills:
 + Level 12.6 Fighting
 + Level 15.9 Maces & Flails
 + Level 11.4 Armour
 - Level 5.6 Dodging
 + Level 17.2 Shields
 * Level 11.8 Invocations


You had 16 spell levels left.
You didn't know any spells.
Your spell library contained the following spells:

 Spells                   Type           Power        Failure   Level
 Animate Skeleton         Necr           0%           36%         1
 Apportation              Tloc           0%           36%         1
 Corona                   Hex            0%           36%         1
 Magic Dart               Conj           0%           36%         1
 Pain                     Necr           0%           36%         1
 Sandblast                Erth           0%           36%         1
 Shock                    Conj/Air       0%           36%         1
 Summon Small Mammal      Summ           0%           36%         1
 Blink                    Tloc           N/A          50%         2
 Call Imp                 Summ           0%           50%         2
 Corpse Rot               Necr/Air       N/A          50%         2
 Ensorcelled Hibernation  Hex/Ice        0%           50%         2
 Passwall                 Tmut/Erth      0%           50%         2
 Searing Ray              Conj           0%           50%         2
 Slow                     Hex            0%           50%         2
 Sublimation of Blood     Necr           0%           50%         2
 Swiftness                Air            0%           50%         2
 Call Canine Familiar     Summ           0%           75%         3
 Confusing Touch          Hex            0%           75%         3
 Conjure Flame            Conj/Fire      0%           75%         3
 Dazzling Flash           Conj/Hex       0%           75%         3
 Gell's Gravitas          Tloc           0%           75%         3
 Lesser Beckoning         Tloc           0%           75%         3
 Mephitic Cloud           Conj/Pois/Air  0%           75%         3
 Static Discharge         Conj/Air       0%           75%         3
 Stone Arrow              Conj/Erth      0%           75%         3
 Summon Guardian Golem    Hex/Summ       0%           75%         3
 Teleport Other           Tloc           0%           75%         3
 Tukima's Dance           Hex            0%           75%         3
 Vampiric Draining        Necr           0%           75%         3
 Airstrike                Air            0%           98%         4
 Animate Dead             Necr           0%           98%         4
 Dispel Undead            Necr           0%           98%         4
 Fulminant Prism          Conj/Hex       0%           98%         4
 Iskenderun's Mystic Bla  Conj/Tloc      0%           98%         4
 Petrify                  Tmut/Erth      0%           98%         4
 Summon Ice Beast         Ice/Summ       0%           98%         4
 Summon Lightning Spire   Summ/Air       0%           98%         4
 Agony                    Necr           0%           100%        5
 Alistair's Intoxication  Tmut/Pois      0%           100%        5
 Borgnjor's Vile Clutch   Necr/Erth      0%           100%        5
 Excruciating Wounds      Necr           0%           100%        5
 Irradiate                Conj/Tmut      0%           100%        5
 Lee's Rapid Deconstruct  Erth           0%           100%        5
 Lightning Bolt           Conj/Air       0%           100%        5
 Hydra Form               Tmut           0%           100%        6
 Invisibility             Hex            0%           100%        6
 Simulacrum               Ice/Necr       0%           100%        6
 Statue Form              Tmut/Erth      0%           100%        6
 Dragon Form              Tmut           0%           100%        7
 Disjunction              Tloc           0%           100%        8


Dungeon Overview and Level Annotations

Branches:
Dungeon (15/15)            Temple (1/1) D:4            Lair (6/6) D:8
  Swamp (4/4) Lair:4       Spider (0/4) Lair:2        Slime (0/5) Lair:5
    Orc (2/2) D:11            Elf (2/3) Orc:2        Vaults (0/5) D:13
 Depths (0/5) D:15        Volcano (visited)         Gauntlet (visited)

Altars:
Ashenzari
Cheibriados
Dithmenos
Elyvilon
Fedhas
Gozag
Hepliaklqana
Kikubaaqudgha
Makhleb
Nemelex Xobeh
Okawaru
Qazlal
Ru
Sif Muna
Trog
Uskayaw
Vehumet
Wu Jian
Xom
Yredelemnul
Zin
The Shining One
Beogh

Shops:
D:5 !   D:8 =(?   Orc:2 (((:   Elf:1 :   Elf:2 *

Portals:
Trove: D:10 (lose all piety)

Annotations:
D:4 3 runed translucent doors, oc3rt's ghost, amateur KoHu
Lair:2 3 runed translucent doors, kmckee's ghost, journeyman HOFi


Innate Abilities, Weirdness & Mutations

((You have very sharp fingernails.))
(You are partially covered in rugged brown scales. (AC +1, +3% HP))
((Your flesh is heat resistant. (rF+)))
You regenerate a lot of health from kills.
When hurt, damage is shared between your health and your magic reserves.
You are immune to clouds of flame.


Message History

* * * LOW HITPOINT WARNING * * *
You feel yourself speed up.
You feel sick.
You block the four-headed hydra's attack. x2
The four-headed hydra barely misses you.
You block the four-headed hydra's attack.
The swamp dragon bites you but does no damage.
The swamp dragon claws you.
* * * LOW HITPOINT WARNING * * *
You block the swamp dragon's attack.
The bog body touches you but does no damage.
The swamp drake bites you but does no damage.
The swamp dragon breathes poison at you.
The blast of poison engulfs you but does no damage.
You resist.
The bog body points at you and mumbles some strange words.
You resist with some effort. The bog body barely misses you.
The four-headed hydra bites you but does no damage.
You block the four-headed hydra's attack.
The four-headed hydra bites you!
You die...

≈ .≈≈ ≈.≈ ♣♣♣♣
♣.≈≈ ≈..♣♣≈.♣♣♣♣
≈.§..
D≈.≈.≈≈≈°°§♣♣≈≈...
<. ♣.§≈D°k§..≈≈≈≈§
♣.≈♣≈≈kn♣D°☼..≈≈≈.
♣≈.≈≈☼Dnn☼≈..≈≈≈.
.♣..)°§°☼≈≈≈≈≈§≈≈
♣≈.≈[..°≈.≈≈≈≈≈≈
♣♣..♣))≈≈≈§....≈
♣♣♣..<.≈≈≈...♣.
♣♣.≈§§≈≈..♣♣
♣♣♣♣≈≈≈.≈♣


♣PPPP♣♣ You could see a four-headed hydra, 2 swamp dragons, 3 bog bodies and 2
swamp drakes.

Vanquished Creatures
  A deep elf blademaster (Elf:2)
  4 thorn hunters
  Gastronok (Lair:3)
  A fenstrider witch (Swamp:3)
  Nessos (D:14)
  A red draconian (Volcano)
  5 bunyips
  A minotaur (Gauntlet)
  A deep elf death mage (Elf:1)
  3 eleionomae
  The ghost of Zaegoraum the Carver, a journeyman DsAK of Lugonu (Lair:4)
  A rakshasa (D:15)
  A vault guard (D:13)
  3 boulder beetles
  17 hydras
  Erolcha (Orc:1)
  A peacekeeper (Elf:1)
  3 ghost crabs
  A merfolk avatar (Lair:6)
  A tengu warrior (D:15)
  3 centaur warriors
  24 dancing weapons
  8 alligators
  An ogre mage (Volcano)
  10 two-headed ogres
  5 death yaks
  Sonja (Lair:1)
  13 deep elf knights
  4 spriggans
  Nergalle (Orc:1)
  2 sea snakes (Lair:6)
  4 goliath frogs
  5 wizards
  8 bog bodies
  5 spriggan druids
  6 unseen horrors
  7 deep elf archers
  8 swamp dragons
  A harpy (Lair:6)
  2 necromancers
  Pikel (D:8)
  8 orc knights
  A cyclops (D:15)
  48 deep elf magi
  3 orc sorcerers
  7 ugly things
  A manticore (Lair:6)
  4 will-o-the-wisps
  Maurice (Orc:2)
  9 elephants
  2 centaur zombies
  9 black mambas
  A torpor snail (Lair:5)
  2 molten gargoyles (Volcano)
  11 cane toads
  8 rime drakes
  A freezing wraith (D:15)
  14 komodo dragons
  8 trolls
  A tengu conjurer (D:15)
  A queen bee (Lair:4)
  Grinder (D:5)
  2 meliai (Lair:4)
  6 slime creatures
  3 wind drakes (Lair:6)
  2 polar bears
  A hydra zombie (Swamp:1)
  9 hornets
  4 blink frogs (Lair:6)
  8 tyrant leeches
  7 dream sheep (Lair:5)
  3 saltlings (Elf:1)
  3 wraiths
  7 wyverns
  5 air elementals
  A water elemental (Elf:1)
  71 yaks
  4 shadows
  A tyrant leech zombie (Swamp:1)
  2 fire bats (Volcano)
  A fire elemental (Elf:1)
  19 humans (D:13)
  6 basilisks
  A steam dragon (Lair:2)
  2 vampire mosquitoes (Swamp:3)
  7 wargs (Orc:2)
  13 swamp worms
  10 water moccasins
  2 hell hounds (Lair:1)
  A soldier ant (D:11)
  2 ice beasts
  3 swamp drakes (Swamp:4)
  47 orc warriors
  A swamp dragon zombie (Swamp:1)
  2 necrophages
  2 eyes of draining (D:12)
  3 sky beasts
  2 black bears
  2 phantoms
  13 ogres
  13 centaurs
  5 big kobolds
  14 bullfrogs
  A wyvern zombie (D:14)
  3 earth elementals (Elf:1)
  A water moccasin zombie (Swamp:1)
  10 wights
  5 killer bees (Lair:4)
  2 electric eels
  A howler monkey (D:10)
  A bullfrog zombie (D:13)
  A quasit (D:6)
  7 lava snakes (Volcano)
  8 jellies
  10 hounds
  A gnoll shaman (Orc:2)
  11 orc priests
  4 centaur skeletons
  2 iguanas
  28 orc wizards
  Jessica (D:8)
  Terence (D:2)
  8 worker ants
  A killer bee zombie (D:9)
  A hound zombie (D:8)
  2 hound skeletons (D:6)
  4 gnolls (Orc:2)
  A howler monkey skeleton (D:4)
  11 adders
  A shadow imp (D:7)
  5 white imps
  An ufetubus (D:6)
  4 oozes (D:7)
  3 adder skeletons
  4 worms
  2 dart slugs
  6 leopard geckos
  97 orcs
  5 bats
  8 giant cockroaches
  8 goblins
  10 hobgoblins
  8 jackals
  3 quokkas
  5 frilled lizards
  A jackal skeleton (D:6)
  18 kobolds
  A quokka skeleton (D:9)
  6 rats
  A briar patch (Swamp:3)
942 creatures vanquished.

Vanquished Creatures (collateral kills)
  A deep elf mage (Elf:1)
  An orc warrior (Orc:1)
  5 orcs (Orc:1)
7 creatures vanquished.

Vanquished Creatures (others)
  A fire giant (D:15)
  A hydra (Swamp:4)
  A deep elf knight (Elf:1)
  A bog body (Swamp:4)
  A hornet (Swamp:4)
  A tyrant leech (Swamp:4)
  2 bloated husks
  2 spriggans (Swamp:4)
  A water elemental (Elf:2)
  A swamp drake (Swamp:4)
  3 briar patches (Swamp:4)
  A bush (Lair:5)
  34 foxfires
  33 fungi
  62 plants
  5 toadstools (D:7)
150 creatures vanquished.

Grand Total: 1099 creatures vanquished

Notes
Turn   | Place    | Note
-------+----------+-------------------------------------------
     0 | D:1      | nothank2 the Demonspawn Fighter began the quest for the
                  | Orb.
     0 | D:1      | Reached XP level 1. HP: 18/18 MP: 1/1
   329 | D:1      | Gained mutation: You regenerate a little health from kills.
                  | [demonic ancestry]
   329 | D:1      | Reached XP level 2. HP: 24/24 MP: 2/2
   892 | D:2      | Gained mutation: You regenerate health from kills. [demonic
                  | ancestry]
   892 | D:2      | Reached XP level 3. HP: 15/29 MP: 3/3
   899 | D:2      | Noticed Terence
   909 | D:2      | Killed Terence
   945 | D:2      | Found a sparkling altar of Nemelex Xobeh.
  1058 | D:2      | Found a snail-covered altar of Cheibriados.
  1105 | D:2      | Reached XP level 4. HP: 28/35 MP: 4/4
  1244 | D:2      | Reached XP level 5. HP: 38/41 MP: 5/5
  1316 | D:2      | Reached skill level 5 in Maces & Flails
  1534 | D:3      | Noticed an ice beast
  1553 | D:3      | Killed an ice beast
  1554 | D:3      | Gained mutation: You have sharp fingernails. [demonic
                  | ancestry]
  1554 | D:3      | Reached XP level 6. HP: 11/47 MP: 6/6
  1868 | D:3      | You fall into a shaft and drop 2 floors!
  1868 | D:5      | Entered Level 5 of the Dungeon
  2143 | D:4      | Found a runed translucent gate.
  2143 | D:4      | Noticed oc3rt's ghost (amateur KoHu)
  2144 | D:4      | Found a runed translucent gate.
  2144 | D:4      | Identified the +1 scale mail of the Eternal Fruit {Regen+
                  | Int-4 Slay+3}
  2145 | D:4      | Found a runed translucent gate.
  2145 | D:4      | Found a roughly hewn altar of Beogh.
  2966 | D:4      | Found a staircase to the Ecumenical Temple.
  3036 | Temple   | Entered the Ecumenical Temple
  3073 | Temple   | Became a worshipper of Makhleb the Destroyer
  3242 | D:4      | Gained mutation: You are partially covered in rugged brown
                  | scales. (AC +1, +3% HP) [demonic ancestry]
  3242 | D:4      | Reached XP level 7. HP: 30/53 MP: 7/7
  3547 | D:4      | Found an iron altar of Okawaru.
  4182 | D:5      | Noticed Grinder
  4186 | D:5      | Paralysed by Grinder for 4 turns
  4199 | D:5      | Killed Grinder
  4293 | D:5      | Found Miciu's Distillery.
  4297 | D:5      | Found a hide-covered altar of Uskayaw.
  4352 | D:5      | Reached XP level 8. HP: 54/59 MP: 8/8
  4582 | D:5      | Reached * piety under Makhleb
  4759 | D:6      | Found an ancient bone altar of Kikubaaqudgha.
  5026 | D:6      | Reached skill level 10 in Maces & Flails
  5677 | D:7      | Reached XP level 9. HP: 64/64 MP: 9/9
  5764 | D:7      | Reached ** piety under Makhleb
  5808 | D:7      | Found a sacrificial altar of Ru.
  5853 | D:7      | Found a bloodstained altar of Trog.
  5854 | D:7      | Found a glowing golden altar of the Shining One.
  6753 | D:8      | Found Votwenys's Magic Scroll Emporium.
  6798 | D:8      | Bought 2 scrolls of identify for 52 gold pieces
  6798 | D:8      | Bought a scroll of magic mapping for 45 gold pieces
  6981 | D:8      | Noticed Pikel
  7001 | D:8      | Killed Pikel
  7002 | D:8      | Reached XP level 10. HP: 72/72 MP: 10/10
  7038 | D:8      | Found a staircase to the Lair.
  7096 | D:8      | You fall into a shaft and drop 2 floors!
  7096 | D:10     | Entered Level 10 of the Dungeon
  7096 | D:10     | Found a portal to a secret trove of treasure.
  7202 | D:10     | Reached *** piety under Makhleb
  7453 | D:9      | Noticed a two-headed ogre
  7812 | D:8      | Found Tistaemn's Jewellery Boutique.
  7822 | D:8      | Found Daleoq's Weapon Shoppe.
  7943 | D:8      | Found a sparkling altar of Nemelex Xobeh.
  7943 | D:8      | Noticed Jessica
  7948 | D:8      | Killed Jessica
  8026 | D:8      | Found a basalt altar of Yredelemnul.
  8026 | D:8      | Found a stormy altar of Qazlal.
  8328 | D:9      | Killed a two-headed ogre
  8478 | D:9      | Reached skill level 3 in Shields
  8763 | D:9      | Killed an unseen horror
  8764 | D:9      | Reached skill level 4 in Shields
  9301 | D:10     | Reached XP level 11. HP: 80/80 MP: 11/11
  9530 | D:10     | Noticed a two-headed ogre
  9546 | D:10     | Killed a two-headed ogre
  9547 | D:10     | Reached skill level 1 in Dodging
  9961 | Lair:1   | Entered Level 1 of the Lair of Beasts
  9985 | Lair:1   | Noticed a five-headed hydra
 10005 | Lair:1   | Killed a five-headed hydra
 10006 | Lair:1   | Reached skill level 5 in Fighting
 10006 | Lair:1   | Reached skill level 5 in Armour
 10006 | Lair:1   | Reached skill level 5 in Shields
 10099 | Lair:1   | Reached **** piety under Makhleb
 10167 | Lair:1   | Found a gate leading to a gauntlet.
 10210 | Gauntlet | Entered a Gauntlet
 10210 | Gauntlet | Found a transporter.
 10219 | Gauntlet | Found a transporter.
 10236 | Gauntlet | Found a transporter.
 10240 | Gauntlet | Found a transporter.
 10248 | Gauntlet | Found a transporter.
 10264 | Gauntlet | Noticed a death drake
 10266 | Gauntlet | Found a transporter.
 10275 | Gauntlet | Noticed a ghost crab
 10283 | Gauntlet | Found a transporter.
 10284 | Gauntlet | Found a transporter.
 10286 | Gauntlet | Found a runed translucent door.
 10289 | Gauntlet | Found a transporter.
 10290 | Gauntlet | Noticed a ghost crab
 10294 | Gauntlet | Found a transporter.
 10350 | Gauntlet | Found a transporter.
 10362 | Gauntlet | Found a transporter.
 10428 | Gauntlet | Killed a ghost crab
 10429 | Gauntlet | Reached skill level 6 in Shields
 10446 | Gauntlet | Got a pair of crude boots
 10464 | Gauntlet | Killed a ghost crab
 10500 | Gauntlet | Identified the +2 pair of boots of Ziygas {rElec} (You
                  | found it in a Gauntlet)
 10597 | Gauntlet | Noticed a minotaur
 10612 | Gauntlet | Killed a minotaur
 10624 | Gauntlet | Got a bound lapis lazuli ring
 10625 | Gauntlet | Got a spiked hat
 10627 | Gauntlet | Identified the Catalogue of Black Rituals and Orientation
 10629 | Gauntlet | Got a pair of heavily runed gloves
 10660 | Lair:1   | Identified the +2 hat of Iwaoniyl {rC+ Str+4 Int+4 Dex+4}
                  | (You found it in a Gauntlet)
 10670 | Lair:1   | Identified the +1 pair of gloves of Lugonu's Inspiration
                  | {Rampage rPois rF+} (You found it in a Gauntlet)
 10687 | Lair:1   | Found a dark tunnel.
 10695 | Lair:1   | Reached skill level 7 in Shields
 10702 | Volcano  | Entered a volcano
 10999 | Volcano  | Found a radiant altar of Vehumet.
 10999 | Volcano  | Noticed a two-headed ogre
 10999 | Volcano  | Noticed a two-headed ogre
 10999 | Volcano  | Noticed an ogre mage
 10999 | Volcano  | Noticed a two-headed ogre
 11010 | Volcano  | Killed a two-headed ogre
 11011 | Volcano  | Reached XP level 12. HP: 87/91 MP: 12/12
 11015 | Volcano  | Killed a two-headed ogre
 11023 | Volcano  | Killed a two-headed ogre
 11037 | Volcano  | Killed an ogre mage
 11045 | Volcano  | Noticed a red draconian
 11062 | Volcano  | Killed a red draconian
 11115 | Volcano  | Noticed a two-headed ogre
 11121 | Volcano  | Killed a two-headed ogre
 11122 | Volcano  | Reached skill level 8 in Shields
 11350 | Lair:1   | Identified the ring of Pysoaly {rF+ Str+2 Slay+5 Stlth-}
                  | (You found it in a Gauntlet)
 11680 | Lair:1   | Noticed Sonja
 11687 | Lair:1   | Killed Sonja
 12063 | Lair:2   | Found a runed translucent gate.
 12063 | Lair:2   | Found a runed translucent gate.
 12065 | Lair:2   | Found a runed translucent gate.
 12067 | Lair:2   | Noticed an 11-headed hydra
 12068 | Lair:2   | Noticed kmckee's ghost (journeyman HOFi)
 12086 | Lair:2   | Noticed a five-headed hydra
 12097 | Lair:2   | Killed a five-headed hydra
 12098 | Lair:2   | Reached skill level 9 in Shields
 12158 | Lair:2   | Gained mutation: You regenerate a lot of health from kills.
                  | [demonic ancestry]
 12158 | Lair:2   | Reached XP level 13. HP: 101/101 MP: 13/13
 12515 | Lair:2   | Found a hole to the Spider Nest.
 12820 | Lair:3   | Noticed Gastronok
 12831 | Lair:3   | Killed Gastronok
 12832 | Lair:3   | Reached skill level 10 in Shields
 13201 | Lair:3   | You fall into a shaft and drop 3 floors!
 13201 | Lair:6   | Entered Level 6 of the Lair of Beasts
 13420 | Lair:6   | Reached skill level 11 in Shields
 13541 | Lair:5   | Reached skill level 10 in Fighting
 13588 | Lair:5   | Found a snail-covered altar of Cheibriados.
 13605 | Lair:5   | Reached ***** piety under Makhleb
 13953 | Lair:3   | Gained mutation: When hurt, damage is shared between your
                  | health and your magic reserves. [demonic ancestry]
 13953 | Lair:3   | Reached XP level 14. HP: 106/113 MP: 14/14
 14310 | Lair:4   | Noticed Zaegoraum's ghost (journeyman DsAK)
 14355 | Lair:4   | Found a transporter.
 14355 | Lair:4   | Found a transporter.
 14721 | Lair:4   | Found a staircase to the Swamp.
 14812 | Lair:4   | Reached skill level 12 in Shields
 15042 | Lair:4   | Killed Zaegoraum's ghost
 15055 | Lair:4   | Reached skill level 5 in Dodging
 15293 | Lair:5   | Found a staircase to the Slime Pits.
 16076 | Lair:6   | Got a twisted scale mail
 16918 | D:11     | Identified a scroll of acquirement
 16918 | D:11     | Acquired 479 gold pieces
 16924 | D:11     | Identified the +1 scale mail of Cheibriados's Wrath {SInv}
                  | (You found it on level 6 of the Lair of Beasts)
 17316 | D:11     | Found a staircase to the Orcish Mines.
 17500 | D:12     | Reached skill level 13 in Shields
 17603 | D:12     | Reached ****** piety under Makhleb
 17608 | D:12     | Found a hide-covered altar of Uskayaw.
 18348 | D:13     | Reached skill level 1 in Invocations
 18770 | D:13     | Paralysed by a wizard for 3 turns
 18812 | D:13     | Found a gate to the Vaults.
 18841 | D:13     | Gained mutation: You have very sharp fingernails. [demonic
                  | ancestry]
 18841 | D:13     | Reached XP level 15. HP: 122/122 MP: 15/17
 18859 | D:13     | Reached skill level 10 in Armour
 19268 | D:14     | Noticed Nessos
 19280 | D:14     | Killed Nessos
 19281 | D:14     | Reached skill level 14 in Shields
 19595 | D:15     | Entered Level 15 of the Dungeon
 19654 | D:15     | Found a staircase to the Depths.
 19654 | D:15     | Noticed a fire giant
 19734 | D:15     | Killed a fire giant
 19739 | D:15     | Reached skill level 5 in Invocations
 19966 | D:15     | Found a white marble altar of Elyvilon.
 20715 | Orc:1    | Entered Level 1 of the Orcish Mines
 20746 | Orc:1    | Noticed Erolcha
 20762 | Orc:1    | Killed Erolcha
 20763 | Orc:1    | Reached skill level 15 in Shields
 20820 | Orc:1    | Noticed Nergalle
 20831 | Orc:1    | Killed Nergalle
 20966 | Orc:2    | Entered Level 2 of the Orcish Mines
 21359 | Orc:2    | Found Wogai's Weapon Boutique.
 21404 | Orc:2    | Found Ulef Qag's Antique Weapon Emporium.
 21437 | Orc:2    | Bought a smoking morningstar for 342 gold pieces
 21437 | Orc:2    | Identified the +11 morningstar of Tauffusivie {elec, +Inv
                  | rF+ rC+ Str-3} (You bought it in a shop on level 2 of the
                  | Orcish Mines)
 21482 | Orc:2    | Found a roughly hewn altar of Beogh.
 21506 | Orc:2    | Found Roih's Antique Weapon Boutique.
 21506 | Orc:2    | Found Saowomeo's Book Emporium.
 21579 | Orc:2    | Found a staircase to the Elven Halls.
 21633 | Orc:2    | Noticed Maurice
 21645 | Orc:2    | Killed Maurice
 22040 | Elf:1    | Entered Level 1 of the Elven Halls
 22278 | Elf:1    | Gained mutation: Your flesh is heat resistant. (rF+)
                  | [demonic ancestry]
 22278 | Elf:1    | Reached XP level 16. HP: 128/128 MP: 21/21
 22410 | Elf:1    | Reached skill level 16 in Shields
 22447 | Elf:1    | Found a ruined gateway.
 22785 | Elf:1    | Found Dytujuci's Book Boutique.
 23320 | Elf:2    | Found Weth's Assorted Antiques.
 23333 | Elf:2    | Bought a scroll of enchant weapon for 172 gold pieces
 23333 | Elf:2    | Bought a slimy lead ring for 115 gold pieces
 23571 | Elf:2    | Found a runed translucent gate.
 23573 | Elf:2    | Identified the ring of Runont {*Drain rElec rC+ Str+4} (You
                  | bought it in a shop on level 2 of the Elven Halls)
 23580 | Elf:2    | Found a runed translucent gate.
 23580 | Elf:2    | Found a runed translucent gate.
 23939 | Elf:2    | Reached skill level 15 in Maces & Flails
 23957 | Elf:2    | Noticed a deep elf blademaster
 23977 | Elf:2    | Killed a deep elf blademaster
 23978 | Elf:2    | Reached skill level 10 in Invocations
 24199 | Elf:2    | Gained mutation: You are immune to clouds of flame.
                  | [demonic ancestry]
 24199 | Elf:2    | Reached XP level 17. HP: 117/132 MP: 21/24
 24669 | Swamp:1  | Entered Level 1 of the Swamp
 25754 | Swamp:2  | Found an ancient bone altar of Kikubaaqudgha.
 26559 | Swamp:3  | Paralysed by a fenstrider witch for 3 turns
 26810 | Swamp:3  | Reached skill level 17 in Shields
 27250 | Swamp:4  | Entered Level 4 of the Swamp
 27369 | Swamp:4  | HP: 9/208 [bog body (7)]
 27370 | Swamp:4  | HP: 2/208 [swamp dragon (4)]
 27370 | Swamp:4  | Mangled by a four-headed hydra

Illustrated notes

Levels and vault maps discovered:
D:1:      roderic_crop_circles_arrival_large, layout_basic,
          corexii_hall_statues_i
D:2:      layout_basic, lemuel_round_altar, nemelex_spade_bored_becter,
          uniq_terence
D:3:      layout_loops_corners, serial_bayou_lagoon_b
D:4:      layout_gridville, kennysheep_okawaru_gauntlet, temple_statues,
          biasface_ghost_orc_armoury, mrwooster_statue_mirror,
          minmay_door_square
D:5:      minmay_diamond_boxcup, layout_cave_pools, serial_shops, shop,
          basic_altar, uniq_grinder
D:6:      layout_basic, kennysheep_mini
D:7:      cheibrodos_fertilizer, layout_gridville, minitemple, basic_altar
D:8:      layout_loops_ring, gammafunk_temple_overflow_wave, lair_entry_dummy,
          serial_shops, shop, shop, nicolae_shop_crystal,
          nemelex_lonely_heart_becter, uniq_pikel
D:9:      layout_basic
D:10:     layout_stronghold, enter_trove_1
D:11:     layout_gridville, orc_0_dummy
D:12:     layout_roguey, drop_trap, lemuel_tele_altar
D:13:     layout_roguey, grunt_vaults_entry_tiered, serial_bayou,
          serial_bayou_ford_a, serial_bayou_pond_e, serial_bayou_pond_e,
          serial_bayou_shore_b
D:14:     layout_loops_ring, minivault_24, uniq_nessos
D:15:     grunt_enter_depths_giant_problem, layout_irregular_city,
          minmay_misc_feat_encased, eino_tiny_chamber, elyvilon_altar_1
Temple:   eino_wide_crystal_templ
Lair:1:   layout_roguey, gauntlet_entry_generic, enter_volcano_3,
          cheibrodos_lair_reptile_den, uniq_sonja
Lair:2:   layout_concentric_octagons, dummy_spider_entry,
          gammafunk_ghost_hydra_chop
Lair:3:   layout_loops_ring, uniq_gastronok
Lair:4:   layout_big_grid, nicolae_swamp_entry_splash_gauntlet,
          gammafunk_ghost_hive, minmay_shattered_shrine,
          infiniplex_staircase_pool_2
Lair:5:   layout_loops_ring, slime_dummy, basic_altar
Lair:6:   gammafunk_lair_ancient_temple, layout_gridlike
Swamp:1:  layout_basic_swamp, evilmike_swamp_ruin_house_5, swamp_pool1,
          nicolae_swamp_necromancer_hut
Swamp:2:  layout_basic_swamp, serial_swamp_ruin, evilmike_swamp_ruin_house_1,
          evilmike_swamp_ruin_house_2, swamp_pool2, grunt_ruined_hall
Swamp:3:  layout_falls_marsh, evilmike_swamp_ruin_house_3,
          statue_in_the_mist_lemuel, nicolae_swamp_trees_clearing, swamp_pool3
Swamp:4:  swamp_basic_johnstein, layout_basic_swamp, swamp_pool1,
          hangedman_swamp_cone
Orc:1:    layout_caves, nicolae_orc_lost_temple, uniq_erolcha, uniq_nergalle
Orc:2:    st_orc_town, layout_caves, uniq_maurice
Elf:1:    minmay_elf_arrival_circle, layout_geoelf_octagon,
          portal_desolation_entry_nicolae_nacl, serial_shops, shop,
          minivault_28, patterned_corridor
Elf:2:    layout_geoelf_diagonals, serial_shops, shop

Skill      XL: |  1  2  3  4  5  6  7  8  9 10 11 12 13 14 15 16 17 |
---------------+----------------------------------------------------+-----
Maces & Flails | 2 3 4 5 7 8 10 13 14 15 | 15.9
Shields        | 4 7 9 11 13 15 16 17 | 17.2
Armour         | 4 6 8 9 10 11 | 11.4
Fighting       | 4 6 8 10 11 12 | 12.6
Dodging        | 1 3 4 5 |  5.6
Invocations    | 3 7 10 11 | 11.8

Action                   |  1- 3 |  4- 6 |  7- 9 | 10-12 | 13-15 | 16-18 || total
-------------------------+-------+-------+-------+-------+-------+-------++-------
Melee: Flail             |   124 |   227 |   495 |   676 |  1486 |       ||  3008
       Morningstar       |       |       |       |       |   147 |   743 ||   890
Throw: Javelin           |       |     3 |     6 |    10 |     4 |     2 ||    25
Invok: Lesser Servant of |       |       |       |       |     3 |     1 ||     4
  Use: Scroll            |       |    10 |     5 |     8 |     8 |     2 ||    33
       Potion            |       |       |       |       |     2 |     4 ||     6
 Stab: Distracted        |       |       |       |       |     1 |       ||     1
Armor: Scale mail        |    24 |       |       |       |       |       ||    24
       Plate armour      |    30 |   108 |   212 |   163 |       |       ||   513
       Fire dragon scale |       |       |       |    76 |   479 |   304 ||   859
       Skin              |       |       |       |       |       |    93 ||    93
Dodge: Dodged            |    23 |    19 |    48 |    94 |   376 |   285 ||   845
Block: Kite shield       |   115 |   158 |   385 |   456 |  1359 |   714 ||  3187
       Reflection        |       |     1 |    10 |    17 |    34 |    37 ||    99
